 Dungeon Crawl Stone Soup version 0.30-a0-1016-gfb0d676c02 (webtiles) character file.

Game seed: 16011473135913132687

427 Demosthentine the Poker (level 6, -1/48 HPs)
             Began as a Demonspawn Gladiator on Apr 6, 2023.
             Slain by a wight
             ... wielding a +2 dagger of electrocution
              (10 damage)
             ... on level 4 of the Dungeon.
             The game lasted 00:04:07 (3237 turns).

Demosthentine the Poker (Demonspawn Gladiator)      Turns: 3237, Time: 00:04:08

Health: -1/48      AC: 13    Str: 22    XL:     6   Next: 65%
Magic:  6/6        EV: 13    Int: 10    God:
Gold:   33         SH:  0    Dex: 14    Spells: 5/5 levels left

rFire   . . .      SeeInvis .    a - +0 trident
rCold   . . .      Faith    .    (no shield)
rNeg    . . .      Spirit   .    b - +0 leather armour
rPois   .          Reflect  .    (helmet restricted)
rElec   .          Rampage  .    k - +0 cloak
rCorr   .                        g - +0 pair of gloves
Will    .....                    c - +1 pair of boots
Stlth   +                        (no amulet)
HPRegen 0.28/turn                o - +6 ring of strength
MPRegen 0.10/turn                (no ring)

@: sanguine armoured
A: antennae 2, spiny 1, sanguine armour 1
a: no special abilities


You were on level 4 of the Dungeon.
You visited 1 branch of the dungeon, and saw 4 of its levels.

You collected 183 gold pieces.
You spent 150 gold pieces at shops.

Inventory:

Hand Weapons
 a - a +0 trident (weapon)
Missiles
 d - 3 throwing nets (quivered)
 e - a javelin
Armour
 b - a +0 leather armour (worn)
 c - a +1 pair of boots (worn)
 g - a +0 pair of gloves (worn)
 k - a +0 cloak (worn)
Jewellery
 o - a +6 ring of strength (left hand)
Scrolls
 h - 2 scrolls of identify
 t - a scroll of brand weapon
 u - a scroll of teleportation
Potions
 f - a potion of brilliance
 i - a potion of resistance
 j - 2 potions of curing
 l - a potion of magic
 m - 2 potions of haste
 p - a potion of attraction
 r - a potion of invisibility


   Skills:
 + Level 3.9 Fighting
 + Level 4.2 Polearms
 - Level 1.7 Throwing
 + Level 2.8 Armour
 + Level 4.1 Dodging


You had 5 spell levels left.
You didn't know any spells.
Your spell library contained the following spells:

 Spells                   Type           Power      Damage    Failure   Level
 Kiss of Death            Conj/Necr      0%         2d5       41%         1
 Sandblast                Erth           0%         2d4       41%         1
 Sting                    Tmut/Pois      0%         1d3       41%         1
 Passwall                 Tmut/Erth      0%         N/A       54%         2
 Confusing Touch          Hex            0%         N/A       78%         3
 Stone Arrow              Conj/Erth      0%         3d7       78%         3
 Dispel Undead            Necr           0%         3d6       99%         4


Dungeon Overview and Level Annotations

Branches:
Dungeon (4/15)
 Temple: D:4-7

Altars:

Shops:
D:3 ?


Innate Abilities, Weirdness & Mutations

You have a pair of antennae on your head.
You are partially covered in sharp spines.
When seriously injured, your blood forms armour. (AC +6)


Message History

A wight comes into view.
It is wielding a +2 dagger of electrocution.
The kobold brigand hits you with a +0 dagger.
* * * LOW HITPOINT WARNING * * *
You hit the kobold brigand.
The kobold brigand is heavily wounded.
The hound bites you but does no damage.
The kobold brigand is struck by your spines.
The kobold brigand closely misses you. The hound closely misses you.
A goblin comes into view. It is wielding a +0 dagger.
The hound is struck by your spines. The hound closely misses you.
The kobold brigand is struck by your spines.
The kobold brigand misses you.
The goblin shouts!
You puncture the kobold brigand!
You kill the kobold brigand!
The hound bites you but does no damage. x2
Your Dodging skill increases to level 4!
Unknown command.
The hound attacks as you move away! The hound barely misses you.
The hound bites you but does no damage. The wight misses you.
Unknown command.
You miss the hound.
The hound is moderately wounded.
The hound barely misses you. The hound is struck by your spines.
The hound closely misses you. The wight closely misses you.
The hound is struck by your spines.
You kill the hound!
The wight hits you with a +2 dagger of electrocution.
* * * LOW HITPOINT WARNING * * *
You feel drained.
Your life force feels restored.
You puncture the ball python!
You kill the ball python!
You feel yourself speed up. The wight hits you but does no damage.
Unknown command.
You hit the wight. You punch the wight, but do no damage.
The wight is lightly damaged.
The wight hits you but does no damage.
You are electrocuted!
You die...

..# ...# #. .
...# #. ..
#..###.###...
###............
..............#
.g....)).....##
#gz..(...#
##@###>.... #..#
... #..# . #..#
#..# .# #..#
...## #..#
.<...##..########
.......†........#


You could see a wight and a goblin.

Vanquished Creatures
  A kobold brigand (D:4)
  A hound (D:4)
  3 orc priests
  Natasha (thrice) (D:2)
  4 gnolls (D:2)
  4 adders
  A worm (D:2)
  6 dart slugs
  6 orcs
  6 endoplasms
  2 giant cockroaches (D:1)
  6 goblins
  6 hobgoblins
  6 jackals
  4 kobolds
  4 quokkas
  7 ball pythons
  3 bats (D:1)
  3 frilled lizards
  4 rats
80 creatures vanquished.

Vanquished Creatures (others)
  2 plants (D:4)
2 creatures vanquished.

Grand Total: 82 creatures vanquished

Notes
Turn   | Place    | Note
-------+----------+-------------------------------------------
     0 | D:1      | Demosthentine the Demonspawn Gladiator began the quest for
                  | the Orb.
     0 | D:1      | Reached XP level 1. HP: 16/16 MP: 1/1
   327 | D:1      | Gained mutation: You have a pair of small antennae on your
                  | head. [demonic ancestry]
   327 | D:1      | Reached XP level 2. HP: 22/22 MP: 2/2
   527 | D:1      | Reached skill level 1 in Armour
   667 | D:1      | Gained mutation: You are partially covered in sharp spines.
                  | [demonic ancestry]
   667 | D:1      | Reached XP level 3. HP: 28/28 MP: 3/3
  1250 | D:2      | Gained mutation: When seriously injured, your blood forms
                  | armour. (AC +6) [demonic ancestry]
  1250 | D:2      | Reached XP level 4. HP: 24/34 MP: 4/4
  1377 | D:2      | Noticed Natasha
  1387 | D:2      | Killed Natasha
  1473 | D:2      | Noticed Natasha
  1479 | D:2      | Killed Natasha
  1480 | D:2      | Reached XP level 5. HP: 41/41 MP: 5/5
  1557 | D:2      | Noticed Natasha
  1567 | D:2      | Killed Natasha
  1972 | D:2      | Found a faded altar of an unknown god.
  1979 | D:2      | Got Plato's Reference Book on Blight
  2945 | D:3      | Identified the +1 robe of Marbles {rElec}
  3012 | D:3      | Found Dedem's Magic Scroll Shop.
  3015 | D:3      | Bought a scroll of brand weapon for 114 gold pieces
  3015 | D:3      | Bought a scroll of teleportation for 36 gold pieces
  3136 | D:4      | Gained mutation: You have a pair of antennae on your head.
                  | [demonic ancestry]
  3136 | D:4      | Reached XP level 6. HP: 21/47 MP: 6/6
  3237 | D:4      | Slain by a wight

Illustrated notes

Levels and vault maps discovered:
D:1:      heliophobic_arrival_glass_houses, layout_basic
D:2:      layout_loops_corners, shapermc_ecumenical_altar_rom_forum,
          uniq_natasha
D:3:      layout_loops_corners, serial_shops, nicolae_shop_behind_doors,
          minmay_crystal_room, chequers_serial_rivers_micro_c
D:4:      minmay_recursive_quarters, layout_rooms, chei_slow_surprise,
          lightli_ossuary_entry_decrepit_ruins, gammafunk_ghost_nasty_kobolds,
          serial_bayou_pond_a, fountainhead, minmay_manual_mail

Skill      XL: |  1  2  3  4  5  6 |
---------------+-------------------+-----
Polearms       | 3 4 |  4.2
Dodging        | 3 4 |  4.1
Armour         | 1 2 |  2.8
Fighting       | 3 |  3.9
Throwing       | |  1.7

Action                     |  1- 3 |  4- 6 || total
---------------------------+-------+-------++-------
  Melee: Trident           |    96 |   134 ||   230
         Punch             |     1 |     1 ||     2
    Use: Scroll            |     3 |     7 ||    10
         Potion            |       |     1 ||     1
   Stab: Sleeping          |     1 |     4 ||     5
 Armour: Leather armour    |    29 |    31 ||    60
  Dodge: Dodged            |    59 |    64 ||   123

Table legend: (Time is in decaauts)
 A = Elapsed time spent in this place.
 B = Non-inter-level travel time spent in this place.
 C = Inter-level travel time spent in this place.
 D = Time resting spent in this place.
 E = Time spent auto-exploring this place.
 F = Levels seen in this place.
 G = Mean time per level.
                   A        B        C        D        E       F      G
               +--------+--------+--------+--------+--------+-----+--------+
         Total |   3277 |   3115 |    162 |    100 |   2402 |   4 |  819.2 |
       Dungeon |   3277 |   3115 |    162 |    100 |   2402 |   4 |  819.2 |
               +--------+--------+--------+--------+--------+-----+--------+

Top non-repeatable levels by time:
     D:1: 1166 daAuts
     D:2: 1076 daAuts
     D:3: 873 daAuts
     D:4: 161 daAuts
